Cogmind - Beta 13 *** ADVENTURER MODE // 2024.05.23 @ 08:54:57 Player: Blade Result: Self-destructed Performance ------------- Evolutions (2) 1000 Regions Visited (4) 800 Robots Destroyed (23) 115 Value Destroyed (503) 503 Prototype IDs (0) 0 Alien Tech Used (0) 0 Bonus (0) 0 TOTAL SCORE: 2418 Bonus ------- None Cogmind --------- Core Integrity 505/550 Matter 265/300 Energy 158/160 System Corruption 0% Temperature Cool (4) Movement Flying (37) Location -8/Storage Parts ------- > --- POWER (1) -------- Light Nuclear Core > --- PROPULSION (2) --- Flight Unit Flight Unit > --- UTILITY (6) ------ Small Storage Unit Weight Redist. System > --- WEAPON (2) ------- Hammer > --- INVENTORY (8) ---- Signal Interpreter Authchip [Propulsion] Authchip [Device] Authchip [Processor] Peak State ------------ > --- POWER ------------ Light Nuclear Core > --- PROPULSION ------- Flight Unit Flight Unit > --- UTILITY ---------- Small Storage Unit Weight Redist. System > --- WEAPON ----------- Beam Cannon Hammer > --- INVENTORY -------- Flight Unit Flight Unit Signal Interpreter Authchip [Propulsion] Authchip [Device] Authchip [Processor] [Rating: 11] Favorites ----------- Power Ion Engine Engine Ion Engine Power Core Light Nuclear Core Propulsion Light Treads Treads Light Treads Leg Aluminum Leg Flight Unit Flight Unit Utility Small Storage Unit Device Weight Redist. System Storage Small Storage Unit Protection Backup Plating I Weapon Assault Rifle Energy Cannon Beam Cannon Ballistic Gun Assault Rifle Impact Weapon Hammer Build | -11 -10 -9 -8 -8 ------- Run | Yrd Mat Mat Mat Sto Slots Evolved 4 | . . 2 2 . Power . | . . . . . Propulsion . | . . . . . Utility 4 | . . 2 2 . Weapon . | . . . . . Parts Attached 24 | . 11 9 3 1 Power 5 | . 2 2 1 . Engine 3 | . 2 1 . . Core 2 | . . 1 1 . Reactor . | . . . . . Propulsion 12 | . 6 4 1 1 Treads 4 | . 4 . . . Leg . | . . . . . Wheel . | . . . . . Hover . | . . . . . Flight 8 | . 2 4 1 1 Utility 4 | . 2 1 1 . Device 2 | . 1 1 . . Storage 2 | . 1 . 1 . Processor . | . . . . . Hackware . | . . . . . Protection . | . . . . . Artifact . | . . . . . Weapon 3 | . 1 2 . . Energy Gun . | . . . . . Energy Cannon 1 | . . 1 . . Ballistic Gun 1 | . . 1 . . Ballistic Cannon . | . . . . . Launcher . | . . . . . Special Weapon . | . . . . . Impact Weapon 1 | . 1 . . . Slashing Weapon . | . . . . . Piercing Weapon . | . . . . . Special Melee Weapon . | . . . . . Unidentified Prototypes . | . . . . . Parts Lost 6 | . . 5 . 1 Power 1 | . . 1 . . Propulsion 3 | . . 2 . 1 Utility 1 | . . 1 . . Weapon 1 | . . 1 . . Highest Loss Streak 2 | . . 2 . 1 To Critical Strikes . | . . . . . Average Slot Usage (%) 81 | . 93 64 48 54 Engine 10 | . 13 5 . . Core 1 | . . 5 6 9 Treads 12 | . 20 . . . Leg 1 | . 2 . . . Flight 9 | . 5 18 16 18 Device 4 | . 2 6 9 9 Storage 12 | . 13 11 7 9 Protection 3 | . 5 . . . Energy Cannon 1 | . . 5 . . Ballistic Gun 17 | . 26 2 . . Impact Weapon 4 | . 1 11 9 9 Naked Turns . | . . . . . Heaviest Build 15 | 14 15 15 12 12 Greatest Support 40 | 20 40 14 14 14 Greatest Overweight (x) 4 | . 2 4 . . Average Overweight (x) . | . . . . . Largest Inventory Capacity 8 | 8 8 8 8 8 Average Capacity 7 | 8 7 8 7 8 Most Carried 8 | 6 8 8 5 5 Average Carried 6 | 6 7 6 5 4 Final Capacity 8 | 8 8 8 8 8 Final Carried 7 | 6 7 5 5 4 Class Distribution -------------------- 100% | Mutant Dominant Class ---------------- Mutant | -10/Materials Mutant | -9/Materials Mutant | -8/Materials Mutant | -8/Storage Resources | -11 -10 -9 -8 -8 ----------- Run | Yrd Mat Mat Mat Sto Matter Collected 644 | 200 374 70 . . Remotely . | . . . . . Salvage Created 708 | . 446 262 . . Parts 35 | . 21 14 . . Haulers Intercepted 3 | . 2 1 . . Recyclers Shooed . | . . . . . Parts Field Recycled . | . . . . . Retrieved Matter . | . . . . . Parts Self-Destructed . | . . . . . Prevented . | . . . . . Kills | -11 -10 -9 -8 -8 ------- Run | Yrd Mat Mat Mat Sto Combat Hostiles Destroyed 17 | . 10 7 . . Melee 5 | . . 5 . . Guns 10 | . 10 . . . Classes Destroyed 6 | . 4 2 . . Builder 1 | . 1 . . . Hauler 3 | . 2 1 . . Watcher 2 | . . 2 . . Swarmer 7 | . 3 4 . . Grunt 9 | . 7 2 . . Sentry 1 | . . 1 . . Best Kill Streak 5 | . 3 5 . . Combat Bots Only 4 | . 3 4 . . Max Kills in Single Turn 1 | . 1 1 . . Gunslinging . | . . . . . Exploded . | . . . . . Melee 1 | . . 1 . . Uniques/NPCs Destroyed . | . . . . . Combat | -11 -10 -9 -8 -8 -------- Run | Yrd Mat Mat Mat Sto Hostile Shots Fired 152 | . 62 70 10 10 Missed 53 | . 16 27 5 5 Damage Taken 916 | . 383 426 60 47 Core 244 | . 35 164 24 21 Absorbed by Shields . | . . . . . Ignored by Resistances 274 | . 121 123 17 13 Regen/Repaired (Parts) 86 | . . . 86 . Core Remaining (%) 81 | 100 86 59 . . Volleys Fired 46 | . 44 2 . . Largest 2 | . 2 1 . . Hottest 60 | . 40 60 . . Shots Fired 90 | . 88 2 . . Gun 88 | . 88 . . . Cannon 2 | . . 2 . . Launcher . | . . . . . Special . | . . . . . Kinetic 88 | . 88 . . . Thermal 2 | . . 2 . . Explosive . | . . . . . Electromagnetic . | . . . . . Robot Hit Streak 17 | . 17 17 . . Robot Miss Streak 1 | . 1 . . . Penetration Max . | . . . . . Secondary Targets 2 | . 2 . . . Max Gunslinging Chain 1 | . 1 . . . Shots Hit Robots 103 | . 75 28 . . Core Hits 24 | . 20 4 . . Critical Kills 2 | . 1 1 . . Critical Parts Destroyed 5 | . 2 3 . . Critical Strikes 8 | . 3 5 . . Destroy 3 | . 3 . . . Smash 5 | . . 5 . . Melee Attacks 46 | . 1 41 4 . Impact 46 | . 1 41 4 . Slashing . | . . . . . Piercing . | . . . . . Sneak Attacks 3 | . 1 2 . . Combat Hostiles . | . . . . . Follow-up Attacks . | . . . . . Damage Inflicted 1778 | . 1020 758 . . Guns 975 | . 975 . . . Cannons 18 | . . 18 . . Explosions . | . . . . . Melee 785 | . 45 740 . . Ramming . | . . . . . Kinetic 975 | . 975 . . . Thermal 18 | . . 18 . . Explosive . | . . . . . Electromagnetic . | . . . . . Impact 785 | . 45 740 . . Slashing . | . . . . . Piercing . | . . . . . Highest Corruption . | . . . . . Average Corruption . | . . . . . Corruption Purged . | . . . . . Corruption Blocked . | . . . . . Overload Shots . | . . . . . Overflow Damage 166 | . 15 151 . . Projectiles . | . . . . . Explosions . | . . . . . Melee 166 | . 15 151 . . Knockbacks 1 | . . 1 . . Impact 1 | . . 1 . . Kinetic . | . . . . . Secondary . | . . . . . Self-Inflicted Damage . | . . . . . Shots . | . . . . . Rammed . | . . . . . Targets Rammed . | . . . . . Kicked . | . . . . . Crushed . | . . . . . Highest Temperature 27 | . 27 20 . . Average Temperature 10 | . 11 9 . . Received Heat Transfer 474 | . 231 198 36 9 Siege Activations . | . . . . . Robots Corrupted . | . . . . . Combat Hostiles . | . . . . . Parts Fried 12 | . 4 8 . . Impact Corruptions 11 | . 1 10 . . Robots Melted . | . . . . . Combat Hostiles . | . . . . . Parts Melted . | . . . . . Heat Transferred 37 | . . 37 . . Parts Sabotaged . | . . . . . Parts Stolen . | . . . . . Parts Stripped . | . . . . . Power Chain Reactions . | . . . . . Alert | -11 -10 -9 -8 -8 ------- Run | Yrd Mat Mat Mat Sto Peak Influence 375 | . 239 375 111 59 Initial 90 | . . 30 90 39 Average 120 | . 70 257 93 42 Maximum Alert Level 1 | . 1 1 . . Low Security (%) 75 | 100 90 30 100 100 Level 1 24 | . 9 69 . . Level 2 . | . . . . . Level 3 . | . . . . . Level 4 . | . . . . . Level 5 . | . . . . . High Security . | . . . . . Max Security . | . . . . . Squads Dispatched 1 | . 1 . . . Investigation 1 | . 1 . . . Extermination . | . . . . . Reinforcement . | . . . . . Assault . | . . . . . Garrison . | . . . . . Intercept . | . . . . . Searches Triggered . | . . . . . Construction Impeded . | . . . . . Haulers Reinforced . | . . . . . Active Scanning Responses . | . . . . . Cargo Convoy Interrupts . | . . . . . Stealth | -11 -10 -9 -8 -8 --------- Run | Yrd Mat Mat Mat Sto Distress Signals 2 | . 1 1 . . Communications Jammed . | . . . . . Distress Signals . | . . . . . Times Spotted 50 | . 22 19 4 5 Peak Tracking Total 11 | . 5 11 4 7 Tactical Retreats 5 | . . 5 . . Traps | -11 -10 -9 -8 -8 ------- Run | Yrd Mat Mat Mat Sto Traps Triggered 2 | . 1 1 . . Indirectly . | . . . . . Trap Hack Attempts . | . . . . . Triggered . | . . . . . Disarmed . | . . . . . Reprogrammed . | . . . . . Reused . | . . . . . Traps Extracted . | . . . . . Installed . | . . . . . Triggered . | . . . . . Machines | -11 -10 -9 -8 -8 ---------- Run | Yrd Mat Mat Mat Sto Machines Disabled . | . . . . . Max in Single Turn . | . . . . . Machines Repaired . | . . . . . Machines Dismantled . | . . . . . Machines Sabotaged . | . . . . . Overloaded Fab Kills . | . . . . . Hacking | -11 -10 -9 -8 -8 --------- Run | Yrd Mat Mat Mat Sto Machines Accessed 12 | . 7 3 1 1 Terminals 8 | . 5 2 . 1 Fabricators . | . . . . . Repair Stations 2 | . 1 . 1 . Recycling Units 2 | . 1 1 . . Scanalyzers . | . . . . . Garrison Access . | . . . . . Total Hacks 24 | . 11 5 6 2 Successful 18 | . 7 4 6 1 Failed 6 | . 4 1 . 1 Catastrophic 1 | . . . . 1 Database Lockouts . | . . . . . Manual 9 | . 7 . . 2 Terminals 13 | . 9 2 . 2 Fabricators . | . . . . . Repair Stations 7 | . 1 . 6 . Recycling Units 4 | . 1 3 . . Scanalyzers . | . . . . . Garrison Access . | . . . . . Terminal Hacks 8 | . 5 2 . 1 Level Access Points 1 | . . . . 1 Emergency Access Points 1 | . . 1 . . Terminal Index 1 | . 1 . . . Locate Traps 1 | . 1 . . . Transport Status 1 | . 1 . . . Hauler Manifests 1 | . 1 . . . Zone Layout 2 | . 1 1 . . Fabricator Hacks . | . . . . . Repair Station Hacks 7 | . 1 . 6 . Scan Component 3 | . . . 3 . Repair 3 | . . . 3 . Refit 1 | . 1 . . . Recycling Unit Hacks 3 | . 1 2 . . Report Inventory 1 | . . 1 . . Retrieve Components 2 | . 1 1 . . Scanalyzer . | . . . . . Garrison Access Hacks . | . . . . . Unauthorized Hacks . | . . . . . Terminals . | . . . . . Fabricators . | . . . . . Repair Stations . | . . . . . Recycling Units . | . . . . . Scanalyzers . | . . . . . Garrison Access . | . . . . . Data Cores Recovered . | . . . . . Used . | . . . . . Hacking Detections 6 | . 4 1 1 . Full Trace Events 2 | . 1 . 1 . Feedback Events . | . . . . . Feedback Blocked . | . . . . . Robot Schematics Acquired . | . . . . . Robots Built . | . . . . . Authchips . | . . . . . Time . | . . . . . Total Robot Build Rating . | . . . . . Part Schematics Acquired . | . . . . . Parts Built . | . . . . . Authchips . | . . . . . Time . | . . . . . Total Part Build Rating . | . . . . . Parts Repaired 3 | . . . 3 . Time 90 | . . . 90 . Parts Recycled . | . . . . . Recycled Matter . | . . . . . Retrieved Matter . | . . . . . Retrieved Components 10 | . 10 . . . Parts Scanalyzed . | . . . . . Part Schematics Acquired . | . . . . . Parts Damaged . | . . . . . Bothacking | -11 -10 -9 -8 -8 ------------ Run | Yrd Mat Mat Mat Sto Used RIF Installer . | . . . . . Robots Hacked . | . . . . . Non-combat . | . . . . . Combat . | . . . . . Robot Hacks Applied . | . . . . . Relay Couplers Released . | . . . . . Fabnet Peak Effective % . | . . . . . Robots Rewired . | . . . . . Allies Hacked . | . . . . . Hacks Repelled . | . . . . . Allies | -11 -10 -9 -8 -8 -------- Run | Yrd Mat Mat Mat Sto Total Allies . | . . . . . Largest Group . | . . . . . Highest-Rated Group . | . . . . . Highest-Rated Ally . | . . . . . Total Orders . | . . . . . Ally Attacks . | . . . . . Total Damage . | . . . . . Kills . | . . . . . Allies Corrupted . | . . . . . Allies Melted . | . . . . . Intel | -11 -10 -9 -8 -8 ------- Run | Yrd Mat Mat Mat Sto Robot Analysis Total . | . . . . . Derelict Logs Recovered . | . . . . . Drone Launches . | . . . . . Drone Recoveries . | . . . . . Exploration | -11 -10 -9 -8 -8 ------------- Run | Yrd Mat Mat Mat Sto Turns Passed 1834 | 6 1175 480 150 23 Spaces Moved 1804 | 6 1041 577 121 59 Core 16 | . 1 15 . . Treads 413 | . 413 . . . Legs 88 | 6 82 . . . Wheels . | . . . . . Hover . | . . . . . Flight 1287 | . 545 562 121 59 Fastest Speed 37 | 120 37 37 37 37 Average Speed 75 | 120 92 57 37 37 Slowest Speed 250 | 120 160 250 37 37 Overloaded Moves . | . . . . . Propulsion Burnouts . | . . . . . Robots Hopped 11 | . 1 10 . . Cave-ins Triggered . | . . . . . Exploration Rate (%) 31 | 2 93 38 11 13 Regions Visited 4 Branch Regions 1 Pre-discovered Areas . | . . . . . Known Exits Taken . | . . . . . Unknown Exits Taken 4 | 1 1 1 1 . Scrap Searched . | . . . . . Spaces Dug 11 | . . 9 2 . Terrain Destroyed 11 | . . 9 2 . Melee 11 | . . 9 2 . Projectile . | . . . . . AOE . | . . . . . Terrain Rammed . | . . . . . Walls Destroyed . | . . . . . Machines Disabled . | . . . . . Actions | -11 -10 -9 -8 -8 --------- Run | Yrd Mat Mat Mat Sto Total 2084 | 5 1166 636 217 60 Wait 151 | . 45 16 90 . Move 1780 | 5 1038 558 120 59 Hop 9 | . 1 8 . . Pick Up 13 | . 13 . . . Fast Attach 14 | . 5 6 3 . Attach 6 | . 2 3 . 1 Detach 1 | . . 1 . . Swap 4 | . 4 . . . Drop 14 | . 13 1 . . Fire 46 | . 44 2 . . Melee 46 | . 1 41 4 . Ram . | . . . . . Kick . | . . . . . Crush . | . . . . . Escape Stasis . | . . . . . Rewire . | . . . . . Trap . | . . . . . Miscellaneous . | . . . . . Route ------- -11/Scrapyard -10/Materials (discovered 5 exits: *Mat x3 / [*Min] / [*Sub]) -9/Materials (discovered 3 exits: *Mat / [*Min x2]) -8/Materials -8/Storage (discovered 1 exit: Fac) History --------- Turn | Location | Event 1 | -11/Scrapyard | Discovered new exit (range 1) 7 | -11/Scrapyard | Entered Materials 22 | -10/Materials | Discovered new exit (range 13) 300 | -10/Materials | Build established: Mutant 387 | -10/Materials | Discovered new exit (range 3) 532 | -10/Materials | Discovered new exit (range 7) 983 | -10/Materials | Discovered new exit (range 11) 1106 | -10/Materials | Discovered new exit (range 12) 1182 | -10/Materials | Entered another Materials area 1182 | -9/Materials | Evolved 2 slots: Utility x2 1300 | -9/Materials | Discovered new exit (range 10) 1314 | -9/Materials | Discovered new exit (range 13) 1609 | -9/Materials | Discovered new exit (range 12) 1662 | -9/Materials | Entered another Materials area 1662 | -8/Materials | Evolved 2 slots: Utility x2 1693 | -8/Materials | Repaired Flight Unit 1733 | -8/Materials | Repaired Lgt. Nuclear Core 1760 | -8/Materials | Repaired Sml. Storage Unit 1811 | -8/Materials | Discovered new exit (range 3) 1812 | -8/Materials | Entered Storage 1818 | -8/Storage | Identified exit to Factory 1835 | -8/Storage | Self-destructed Last Messages --------------- Rating: 1 Time: 26 >>Repair Repairing Sml. Storage Unit... ETC: 26 01760_ Repair station completes Sml. Storage Unit repairs. 01760_ Acquired Sml. Storage Unit. 01769_ T-07 Excavator is excavating. 01801_ K-01 Serf collects debris. 01811_ EXIT=FOUND LOCATION=UNKNOWN GOAL=ESCAPE 01818_ Connecting with Terminal... 01818_ Current location identified: Storage >>Access(Main) Found 1 level access point to Factory: (63,4) Map updated. 01827_ Flight Unit destroyed. Map ----- +----------------------------------------------------+ | ?????????????????????????????????????????????????? | | ?????????????????????????????????????????????????? | | ?????????????????????????????????????????????????? | | ?????????????????????????????????????????????????? | | ?????????????????????????????????????????????????? | | ?????????????????????????????????????????????????? | | ?????????????????????????????????????????????????? | | ?????????????????????????????????????????????????? | | ?????????????????????????????????????????????????? | | ?????????????????????????????????????????????????? | | ???? ???????????????????????????????????????????? | | ???? ???????????????????????????????????????????? | | ???? ???????????????????????????????????????????? | | ???# #??????????????????????????????????????????? | | ??? ??????????????????????????????????????????? | | ??? ??????????????????????????????????????????? | | ??? ????????##?????##?????????????????????????? | | ??? ????????T"##### #?????????????????????????? | | ???# #????????? ??????????????????????????? | | ???# #????????? ??????????????????????????? | | ???# #?????????? """ ???????????????????????????? | | ???# #?????????? """ ???????????????????????????? | | ???# #???????????"""????????????????????????????? | | ???# #??????????? ????????????????????????????? | | #### #############+##############???????????????? | | rk @s ua #?????????? | | s T ??????????? | | s #?????????? | | ################################## #?????????? | | ?????????????????????????????????????###?????????? | | | | | | | | | | | | | | | | | | | | | | | | | | | | | | | | | | | | | | | | | +----------------------------------------------------+ Best States ------------- Heat Dissipation 31 Energy Generation 14 Energy Capacity 250 Matter Stores 300 Matter Capacity 300 Sight Range 16 Terrain Scan Density 10 Additional Mass Support 6 Armor Coverage 80 Resistance: KI 20 Resistance: TH 20 Resistance: EX 20 Resistance: EM 20 Resistance: I 20 Resistance: S 20 Resistance: P 20 Evasion (%) 62 Recoil Reduction 2 Offensive Hacking 10 Authchip Count 3 Item Schematics ----------------- None Robot Schematics ------------------ None Fabricated ------------ Nothing Alien Tech Used ----------------- None Achievements -------------- None Challenges ------------ None Game ------ Seed VortexSystemExoskeleton Manual? 0 Play Time 00:20:39 Cumulative 40.9 hours Start 2024.05.23 @ 08:34:48 End 2024.05.23 @ 08:54:57 Sessions 1 Manual Loads 0 Difficulty Adventurer Special Mode None Game No. 51 Rogue 0 Adventurer 46 Explorer 5 Win Type - Total 1 Types 1/0/0/0/0/0/0/0/0 Lore% 25 Gallery% 40 Achievement% 32 Wizard Run 0 Options --------- Layout 1 ASCII 0 Keyboard 0 Movement Arrows Keybinds 0 Fullscreen 2 Font 24/Terminus Map View 50x35 Zoom Use 0% Tactical HUD 1 Map Filters NONE Filters NONE Steam 1 RUN: 181a27ff-4895-46c5-a2a7-51e91d78aee5